 Dungeon Crawl Stone Soup version 0.25.1-2-g60ff931df9 (webtiles) character file.

Game seed: 3336635864705437973

8 Chiseanne the Magician (level 2, 19/19 HPs)
             Began as a Demonspawn Wizard on Oct 8, 2020.
             Quit the game on level 1 of the Dungeon.
             The game lasted 00:00:38 (1159 turns).

Chiseanne the Magician (Demonspawn Wizard)          Turns: 1159, Time: 00:00:39

Health: 19/19      AC:  2    Str:  7    XL:     2   Next: 0%
Magic:  6/6        EV: 12    Int: 19    God:
Gold:   6          SH:  0    Dex: 11    Spells: 6/7 levels left

rFire    . . .     SeeInvis .   h - +0 mace
rCold    . . .     Gourm    .   (no shield)
rNeg     . . .     Faith    .   a - +0 robe
rPois    .         Spirit   .   b - +0 hat
rElec    .         Reflect  .   (no cloak)
rCorr    .         Harm     .   (no gloves)
MR       .....                  (no boots)
Stlth    ++........             (no amulet)
HPRegen  0.06/turn              (no ring)
MPRegen  0.10/turn              (no ring)

@: no status effects
A: horns 1
a: no special abilities


You were on level 1 of the Dungeon.
You were not hungry.

You visited 1 branch of the dungeon, and saw 1 of its levels.

You collected 6 gold pieces.

Inventory:

Hand Weapons
 h - a +0 mace (weapon)
Armour
 a - a +0 robe (worn)
 b - a +0 hat (worn)
Jewellery
 k - an uncursed amulet of reflection {unknown}
Scrolls
 c - a scroll of identify {unknown}
 e - 3 scrolls of remove curse {unknown}
 i - a scroll of fear {unknown}
 j - a scroll of immolation {unknown}
 l - a scroll of enchant weapon {unknown}
Potions
 f - a potion of invisibility {unknown}
 g - a potion of ambrosia {unknown}
Comestibles
 d - a ration
 m - 2 chunks of flesh


   Skills:
 - Level 1.7 Dodging
 - Level 1.7 Stealth
 * Level 3.2 Spellcasting
 * Level 1.6 Conjurations
   Level 1.0 Summonings
   Level 0.8 Translocations


You had 6 spell levels left.
You knew the following spells:

 Your Spells              Type           Power        Failure   Level  Hunger
a - Magic Dart            Conj           #...         8%          1    None

Your spell library contained the following spells:

 Spells                   Type           Power        Failure   Level  Hunger
 Blink                    Tloc           N/A          16%         2    ##.....
 Call Imp                 Summ           #.......     16%         2    ##.....
 Slow                     Hex            #.......     22%         2    ##.....
 Conjure Flame            Conj/Fire      #.......     32%         3    ###....
 Mephitic Cloud           Conj/Pois/Air  #.......     34%         3    ###....


Dungeon Overview and Level Annotations

Branches:
Dungeon (1/15)

Altars:


Innate Abilities, Weirdness & Mutations

You have a pair of small horns on your head.


Message History

You see here 9 gold pieces.
The helpless hobgoblin fails to defend itself.
You hit the hobgoblin.
The hobgoblin is lightly wounded.
The hobgoblin barely misses you. The hobgoblin misses you.
You closely miss the hobgoblin.
The hobgoblin is lightly wounded.
The hobgoblin barely misses you.
You barely miss the hobgoblin.
The hobgoblin is lightly wounded.
The hobgoblin hits you but does no damage.
You closely miss the hobgoblin.
The hobgoblin is lightly wounded.
The hobgoblin closely misses you.
You hit the hobgoblin.
You kill the hobgoblin!
You have reached level 2!
Your demonic ancestry asserts itself...
A pair of horns grows on your head!
Are you sure you want to abandon this character and quit the game? (Confirm with "yes".)

#.# #.# #.# #.#
#####.#####.# #.#
#............
######.####.###.#####.#
#.......).........# #.#
#.####...##.###.#.# #.#
#.#.#.##.# #.#.# #.#
#.##.##.# #.#.###.#
##@#.##.# #........
#)##.##.# ###.###.# #!#
..##.# #.##.#. ##
.###.#####...###
...........#.
########.#.. #.### #.#
#.#


There were no monsters in sight!

Vanquished Creatures
  A dart slug (D:1)
  A goblin (D:1)
  2 hobgoblins (D:1)
  A kobold (D:1)
  A rat (D:1)
6 creatures vanquished.

Notes
Turn   | Place    | Note
-------+----------+-------------------------------------------
     0 | D:1      | Chiseanne the Demonspawn Wizard began the quest for the
                  | Orb.
     0 | D:1      | Reached XP level 1. HP: 13/13 MP: 4/4
  1158 | D:1      | Gained mutation: You have a pair of small horns on your
                  | head. [demonic ancestry]
  1158 | D:1      | Reached XP level 2. HP: 19/19 MP: 6/6
  1159 | D:1      | Quit the game

Illustrated notes

Levels and vault maps discovered:
D:1:      scummos_arrival_simple_crosswalls, layout_loops_ring,
          minmay_hexomino_f4

Action                   || total
-------------------------++-------
Melee: Unarmed           ||    19
       Mace              ||    13
 Cast: Magic Dart        ||    14
 Stab: Sleeping          ||     1
  Eat: Chunk             ||     1
Armor: Robe              ||     5
Dodge: Dodged            ||    16
